 Dungeon Crawl Stone Soup version 0.23.2-1-ga50397a (webtiles) character file.

Game seed: 16244399169242043365

385 shadizar the Firebug (level 6, -6/36 HPs)
             Began as a Gargoyle Fire Elementalist on May 19, 2019.
             Mangled by an iguana (12 damage)
             ... on level 4 of the Dungeon.
             The game lasted 00:07:25 (3938 turns).

shadizar the Firebug (Gargoyle Fire Elementalist)   Turns: 3938, Time: 00:07:25

Health: -6/36      AC:  6    Str: 11    XL:     6   Next: 77%
Magic:  1/10       EV: 12    Int: 18    God:
Gold:   131        SH:  0    Dex: 10    Spells: 10/11 levels left

rFire    . . .     SeeInvis .   b - +0 hand axe (curse)
rCold    . . .     Gourm    .   (no shield)
rNeg     + . .     Faith    .   a - +0 robe
rPois    ∞         Spirit   .   (no helmet)
rElec    +         Reflect  .   (no cloak)
rCorr    .         Harm     .   (no gloves)
MR       .....                  (no boots)
Stlth    ++........             (no amulet)
HPRegen  0.12/turn              (no ring)
MPRegen  0.12/turn              (no ring)

@: very slightly contaminated
A: negative energy resistance 1, electricity resistance, unbreathing,
petrification resistance, rot immunity, AC +4
a: no special abilities


You were on level 4 of the Dungeon.
You were not hungry.

You visited 1 branch of the dungeon, and saw 4 of its levels.

You collected 131 gold pieces.

Inventory:

Hand Weapons
 b - a cursed +0 hand axe (weapon)
 k - a +1 dagger of draining
 o - a +1 mace of protection
Armour
 a - a +0 robe (worn)
Jewellery
 i - an uncursed ring of positive energy
Scrolls
 e - a scroll of enchant armour {unknown}
 h - a scroll of fear {unknown}
 j - 4 scrolls of identify {unknown}
 p - 2 scrolls of teleportation {unknown}
 r - a scroll of blinking {unknown}
 u - a scroll of enchant weapon {unknown}
Potions
 d - a potion of resistance {unknown}
 f - a potion of heal wounds {unknown}
 g - a potion of degeneration {unknown}
 l - a potion of haste {unknown}
 m - 2 potions of curing {unknown}
 n - 2 potions of agility {unknown}
 q - a potion of lignification {unknown}
 s - a potion of invisibility {unknown}
Comestibles
 c - 9 rations
 t - 2 chunks of flesh


   Skills:
 + Level 2.9 Fighting
 + Level 2.8 Dodging
 - Level 2.1 Stealth
 + Level 3.2 Spellcasting
 + Level 3.3 Conjurations
 + Level 4.2 Fire Magic


You had 10 spell levels left.
You knew the following spells:

 Your Spells              Type           Power        Failure   Level  Hunger
a - Flame Tongue          Conj/Fire      ###..        3%          1    None

Your spell library contained the following spells:

 Spells                   Type           Power        Failure   Level  Hunger
 Throw Flame              Conj/Fire      ###...       4%          2    ##.....
 Conjure Flame            Conj/Fire      ###.....     10%         3    ###....
 Inner Flame              Hex/Fire       ##......     21%         3    ###....
 Sticky Flame             Conj/Fire      ###.....     32%         4    ####...
 Fireball                 Conj/Fire      ###.......   67%         5    ######.


Dungeon Overview and Level Annotations

Branches:
Dungeon (4/15)
 Temple: D:4-7

Altars:
Hepliaklqana
Ru
Sif Muna
Yredelemnul

Shops:
D:4 *


Innate Abilities, Weirdness & Mutations

You are resistant to torment.
Your stone body is resilient. (AC +4)
You are immune to poison.
You resist negative energy. (rN+)
You are resistant to electric shocks. (rElec)
You can survive without breathing.
You are immune to petrification.
You are immune to rotting.


Message History

The iguana barely misses you.
You hit the iguana but do no damage.
The iguana is heavily wounded.
The iguana bites you. The iguana barely misses you.
You hit the iguana.
The iguana is severely wounded.
The iguana bites you.
You closely miss the iguana.
The iguana is severely wounded.
The iguana bites you.
You barely miss the iguana.
The iguana is severely wounded.
The iguana bites you.
* * * LOW HITPOINT WARNING * * *
The iguana bites you.
* * * LOW HITPOINT WARNING * * *
You completely miss the iguana.
The iguana is severely wounded.
The iguana bites you!
You die...

.....#....##........#
..........##........#
##...#....###.#.#####
....#...## #.#.######
(......#...# ##.#......# ..
..........#.# #.......... #..
.[.......##.###.......... ...
#.....#.##.#..[......... #
#.##..#..#@##...##......(..
#.#........#l##..###.........
....#..##.l.l##..# #...∩.....
.......#........#####........
........†....................
..#.#..#....!...####.........
#....#........# #>........
#%...#....##.## #.........
#......##...... #.........


You could see 2 iguanas.

Vanquished Creatures
  A scorpion (D:4)
  A hound (D:4)
  2 orc priests (D:3)
  Jessica (D:2)
  3 worker ants
  A hound skeleton (D:4)
  6 adders
  2 dart slugs
  4 leopard geckos
  4 orcs (D:3)
  11 bats
  2 giant cockroaches
  8 goblins
  4 hobgoblins (D:1)
  10 jackals
  6 kobolds
  2 quokkas
  3 ball pythons
  3 frilled lizards
  6 rats
80 creatures vanquished.

Notes
Turn   | Place    | Note
-------+----------+-------------------------------------------
     0 | D:1      | shadizar the Gargoyle Fire Elementalist began the quest for
                  | the Orb.
     0 | D:1      | Reached XP level 1. HP: 10/10 MP: 3/3
    87 | D:1      | Reached XP level 2. HP: 16/16 MP: 0/5
   553 | D:1      | Reached skill level 1 in Fighting
   984 | D:1      | Reached XP level 3. HP: 20/20 MP: 6/6
  1669 | D:2      | Noticed Jessica
  1674 | D:2      | Killed Jessica
  1674 | D:2      | Reached XP level 4. HP: 25/25 MP: 3/7
  1780 | D:2      | Found a sacrificial altar of Ru.
  1878 | D:2      | Found a deep blue altar of Sif Muna.
  1929 | D:2      | Found a hazy altar of Hepliaklqana.
  2011 | D:2      | Found a faded altar of an unknown god.
  2505 | D:3      | Reached XP level 5. HP: 23/30 MP: 8/8
  3068 | D:3      | Reached XP level 6. HP: 36/36 MP: 10/10
  3215 | D:3      | Found a basalt altar of Yredelemnul.
  3451 | D:4      | Reached skill level 4 in Fire Magic
  3889 | D:4      | Found Juseb's Assorted Antiques.
  3938 | D:4      | Mangled by an iguana

Skill      XL: |  1  2  3  4  5  6 |
---------------+-------------------+-----
Fighting       | 1 2 |  2.9
Dodging        | 2 |  2.8
Conjurations   | 2 3 |  3.3
Spellcasting   | 3 |  3.2
Fire Magic     | 4 |  4.2
Stealth        | |  2.1

Action                   |  1- 3 |  4- 6 || total
-------------------------+-------+-------++-------
Melee: Unarmed           |     7 |       ||     7
       Hand axe          |    95 |   190 ||   285
 Cast: Flame Tongue      |    13 |    63 ||    76
 Stab: Sleeping          |     3 |     5 ||     8
  Eat: Chunk             |     2 |     8 ||    10
Armor: Robe              |    47 |   107 ||   154
Dodge: Dodged            |   104 |   239 ||   343
